 Dungeon Sprint DCSS version 0.18-a0-912-g81d1dc4 (webtiles) character file.

61017 DEFE the Wrestler (level 14, 0/159 HPs)
             Began as a Troll Fighter on Dec 25, 2015.
             Was the Champion of the Shining One.
             Killed from afar by Xtahua (52 damage)
             ... with a searing blast
             ... in the Dungeon (Sprint IX: "|||||||||||||||||||||||||||||").
             The game lasted 00:16:09 (4099 turns).

DEFE the Wrestler (Troll Fighter)                   Turns: 4099, Time: 00:16:09

Health: 0/159      AC: 17    Str: 24    XL:     14   Next: 59%
Magic:  10/24      EV: 18    Int: 12    God:    the Shining One [******]
Gold:   19         SH: 12    Dex: 15    Spells: 0 memorised, 13 levels left

rFire  . . .     SeeInvis .       - Unarmed
rCold  + . .     Gourm    +     s - quicksilver dragon armour "Nittacih" {*Drain rElec MR+ Str-3 Int+8}
rNeg   + + +     Faith    .     (no shield)
rPois  +         Spirit   .     (helmet restricted)
rElec  +         Dismiss  .     F - +0 cloak {MR+}
rCorr  .         Reflect  .     (gloves unavailable)
SustAt .         Harm     .     (boots unavailable)
MR     +++..     NoTele   +     (no amulet)
Stlth  +.........               v - ring of protection from cold
                                w - ring of poison resistance

@: divine shield, glowing, extremely resistant to hostile enchantments, very
unstealthy
A: unfitting armour, claws 3, thin skeletal structure 1, fast metabolism 3,
gourmand, regeneration 2, shaggy fur 1, tough skin 2
a: Divine Shield, Cleansing Flame, Summon Divine Warrior, Brand Weapon With Holy
Wrath, Renounce Religion


You were in the Dungeon.
You worshipped the Shining One.
The Shining One was exalted by your worship.
You were not hungry.

You visited 1 branch You collected 1929 gold pieces.
You spent 1910 gold pieces at shops.

Inventory:

Armour
 a - a +0 robe
 s - the quicksilver dragon armour "Nittacih" (worn) {*Drain rElec MR+ Str-3 Int+8}
   (You bought it in a shop in the Dungeon)

   It affects your strength (-3).
   It affects your intelligence (+8).
   It insulates you from electricity.
   It affects your resistance to hostile enchantments.
   It causes draining when unequipped.
 x - a +1 cloak
 F - a +0 cloak of magic resistance (worn)
Jewellery
 l - a +2 ring of evasion
 v - a ring of protection from cold (right claw)
 w - a ring of poison resistance (left claw)
 A - a +4 ring of evasion
 B - an uncursed ring of wizardry
 C - a +2 ring of slaying
 D - a +6 ring of intelligence
 E - a +6 ring of strength
Wands
 H - a wand of teleportation (4/9)
Scrolls
 i - 4 scrolls of remove curse
 j - 6 scrolls of blinking
 k - 2 scrolls of amnesia
 o - 4 scrolls of recharging
 p - 2 scrolls of enchant armour
 q - a scroll of identify
 y - 6 scrolls of enchant weapon
 z - a scroll of fog
Potions
 b - a potion of invisibility
 c - 3 potions of haste
 e - 6 potions of curing
 f - 7 potions of heal wounds
 h - 3 potions of magic
 m - 2 potions of cure mutation
 r - 3 potions of resistance
 u - 2 potions of agility
 G - a potion of brilliance
Books
 t - a book of the Earth

   Spells                             Type                      Level
   a - Leda's Liquefaction            Hexes/Earth                  4
   b - Bolt of Magma                  Conjuration/Fire/Earth       5
   c - Statue Form                    Transmutation/Earth          6
   d - Iron Shot                      Conjuration/Earth            6
   e - Shatter                        Earth                        9
Comestibles
 d - 8 bread rations
 g - 40 fruits
 n - 13 meat rations


   Skills:
 + Level 15.3 Fighting
 + Level 10.6 Armour
 + Level 15.3 Dodging
   Level 2.4 Shields
 * Level 23.5 Unarmed Combat
 + Level 15.6 Invocations


You had 13 spell levels left.
You didn't know any spells.

Dungeon Overview and Level Annotations

Branches:
Dungeon (1/1)

Altars:
Cheibriados
Dithmenos
Elyvilon
Fedhas
Gozag
Kikubaaqudgha
Makhleb
Nemelex Xobeh
Okawaru
Pakellas
Qazlal
Ru
Sif Muna
Trog
Vehumet
Xom
Yredelemnul
Zin
The Shining One
Beogh
Jiyva
Lugonu

Shops:
D [:!!

Annotations:
D Xtahua


Innate Abilities, Weirdness & Mutations

You are too large for most types of armour.
You have claws for hands.
Your metabolism is lightning-fast.
You like to eat raw meat.
You heal very quickly.
You are covered in fur (AC +1).
You have very tough skin (AC +2).
You have a somewhat thin skeletal structure (Dex +2, Stealth).


Message History

Your angel gestures.
Your angel is healed somewhat.
You hear a roar! x4
Xtahua breathes flames at you. The searing blast hits you!
The searing blast hits your angel.
Your angel is engulfed in roaring flames.
Your angel gestures.
Your angel is healed somewhat.
Unknown command.
Unknown command.
Your angel is engulfed in roaring flames. x2
Unknown command.
Unknown command.
Really walk into that cloud of flame?
Okay, then.
Unknown command.
Unknown command.
Xtahua breathes flames at you. The searing blast hits you!
You die...

.▓[▓.▓.▓.▓)▓.▓.▓.♣
.▓[▓.▓.▓.▓(▓.▓.▓.♣
.▓.▓.▓.▓.▓(▓.▓.▓.♣
.▓[▓.▓.▓)▓(▓.▓[▓.♣
.▓.▓.▓.▓.▓)▓.▓[▓.♣
.▓.▓.▓.▓.▓(▓)▓[▓.♣
.▓.▓.▓(▓.▓(▓.▓[▓D♣
.▓.▓.▓(▓.▓(▓.▓[▓.▓
.▓.▓.▓)▓.▓(▓.▓.▓@▓
.▓.▓.▓)▓.▓)▓.▓.▓A▓
.▓.▓.▓)▓.▓(▓.▓.▓A▓
.▓.▓.▓†▓.▓)▓.▓.▓.▓
.▓.▓.▓)▓.▓.▓.▓.▓.▓
.▓.▓.▓[▓.▓.▓.▓.▓.▓
.▓(▓.▓.▓.▓.▓.▓.▓.▓
.▓)▓.▓.▓.▓.▓.▓.▓)▓
.▓(▓.▓.▓.▓.▓.▓.▓.▓


You could see Xtahua and 2 friendly angels.

Vanquished Creatures
  A lich (D)
  An Orb Guardian (D)
  Frances (D)
  A thorn hunter (D)
  2 frost giants (D)
  A green draconian (D)
  A deep elf annihilator (D)
  A dire elephant (D)
  An ogre mage (D)
  A merfolk javelineer (D)
  A merfolk impaler (D)
  A fire dragon (D)
  A naga warrior (D)
  2 hydras (D)
  A ghost crab (D)
  An alligator (D)
  A naga sharpshooter (D)
  Nergalle (D)
  A shock serpent (D)
  A salamander mystic (D)
  2 swamp dragons (D)
  3 hill giants (D)
  2 wolf spiders (D)
  A cyclops (D)
  A necromancer (D)
  2 ironbrand convokers (D)
  2 griffons (D)
  7 orc knights (D)
  A moth of wrath (D)
  A hornet (D)
  2 manticores (D)
  A siren (D)
  3 elephants (D)
  A guardian serpent (D)
  A black mamba (D)
  A torpor snail (D)
  2 spiny frogs (D)
  2 naga magi (D)
  A merfolk (D)
  A queen bee (shapeshifter) (D)
  A demonic crawler (D)
  A redback (D)
  A water elemental (D)
  A yak (D)
  A spriggan (D)
  2 shadows (D)
  A basilisk (D)
  2 tarantellas (D)
  4 hippogriffs (D)
  A vampire mosquito (D)
  2 nagas (D)
  3 porcupines (D)
  5 orc warriors (D)
  2 eyes of draining (D)
  An ogre (D)
  A water moccasin (D)
  A sky beast (D)
  2 centaurs (D)
  2 giant frogs (D)
  A crocodile (D)
  A scorpion (D)
  A wight (D)
  3 orc priests (D)
  A crimson imp (D)
  An iguana (D)
  6 orc wizards (D)
  A worker ant (D)
  An adder skeleton (D)
  A giant gecko (D)
  5 orcs (D)
  A goblin (D)
  A jackal skeleton (D)
  A quokka skeleton (D)
  3 rats (D)
121 creatures vanquished.

Vanquished Creatures (collateral kills)
  Mennas (D)
  Frederick (D)
  A golden dragon (D)
  A tentacled monstrosity (D)
  2 vault wardens (D)
  3 very ugly things (D)
  An ironheart preserver (D)
  A stone giant (D)
  A dire elephant (D)
  An ettin (D)
  2 fire dragons (D)
  3 rakshasas (D)
  2 great orbs of eyes (D)
  A spriggan air mage (D)
  A hydra (D)
  3 centaur warriors (D)
  A merfolk aquamancer (D)
  A tengu warrior (D)
  A deep troll earth mage (D)
  Sonja (D)
  A giant orange brain (D)
  A death drake (shapeshifter) (D)
  A flayed ghost (D)
  An unseen horror (D)
  2 ironbrand convokers (D)
  A harpy (D)
  A deep elf archer (D)
  2 manticores (D)
  4 orc knights (D)
  An orb spider (shapeshifter) (D)
  A vault sentinel (D)
  4 elephants (D)
  3 yaktaurs (D)
  A jumping spider (D)
  2 vampire mosquitoes (D)
  A hungry ghost (D)
  9 orc warriors (D)
65 creatures vanquished.

Grand Total: 186 creatures vanquished

Notes
Turn   | Place    | Note
--------------------------------------------------------------
     0 | D        | DEFE the Troll Fighter began the quest for the Orb.
     0 | D        | Reached XP level 1. HP: 22/22 MP: 0/0
    28 | D        | Reached skill level 3 in Unarmed Combat
    93 | D        | Noticed an ogre
    93 | D        | Noticed a scorpion
    93 | D        | Noticed a centaur
    93 | D        | Noticed a worker ant
    99 | D        | Reached XP level 2. HP: 29/29 MP: 1/1
   103 | D        | Killed an ogre
   103 | D        | Reached skill level 4 in Fighting
   103 | D        | Reached skill level 6 in Unarmed Combat
   103 | D        | Reached XP level 3. HP: 29/40 MP: 2/2
   103 | D        | Reached XP level 4. HP: 35/49 MP: 3/3
   105 | D        | Reached skill level 7 in Unarmed Combat
   105 | D        | Reached XP level 5. HP: 38/55 MP: 4/4
   107 | D        | Killed a centaur
   107 | D        | Reached skill level 5 in Fighting
   107 | D        | Reached skill level 5 in Dodging
   107 | D        | Reached skill level 8 in Unarmed Combat
   109 | D        | Reached skill level 9 in Unarmed Combat
   138 | D        | Found a glowing silver altar of Zin.
   138 | D        | Found a glowing golden altar of the Shining One.
   138 | D        | Found an ancient bone altar of Kikubaaqudgha.
   138 | D        | Found a basalt altar of Yredelemnul.
   138 | D        | Found a shimmering altar of Xom.
   138 | D        | Found a radiant altar of Vehumet.
   139 | D        | Found an iron altar of Okawaru.
   140 | D        | Found a burning altar of Makhleb.
   141 | D        | Found a deep blue altar of Sif Muna.
   142 | D        | Became a worshipper of the Shining One
   143 | D        | Found a bloodstained altar of Trog.
   144 | D        | Found a sparkling altar of Nemelex Xobeh.
   145 | D        | Found a white marble altar of Elyvilon.
   146 | D        | Found a roughly hewn altar of Beogh.
   147 | D        | Found a viscous altar of Jiyva.
   148 | D        | Found a corrupted altar of Lugonu.
   149 | D        | Found a blossoming altar of Fedhas.
   150 | D        | Found a snail-covered altar of Cheibriados.
   151 | D        | Found a shadowy altar of Dithmenos.
   152 | D        | Found a stormy altar of Qazlal.
   153 | D        | Found an opulent altar of Gozag.
   154 | D        | Found a sacrificial altar of Ru.
   155 | D        | Found an oddly glowing altar of Pakellas.
   194 | D        | Noticed a sky beast
   194 | D        | Noticed a hill giant
   194 | D        | Reached * piety under the Shining One
   194 | D        | Noticed a centaur
   194 | D        | Noticed a hill giant
   195 | D        | Reached ** piety under the Shining One
   196 | D        | Reached XP level 6. HP: 64/67 MP: 5/5
   203 | D        | Killed a hill giant
   203 | D        | Reached skill level 11 in Unarmed Combat
   203 | D        | Reached XP level 7. HP: 73/78 MP: 2/9
   215 | D        | Killed a hill giant
   215 | D        | Reached skill level 12 in Unarmed Combat
   215 | D        | Reached skill level 5 in Invocations
   215 | D        | Reached XP level 8. HP: 52/88 MP: 3/11
   282 | D        | Noticed a griffon
   282 | D        | Noticed a hill giant
   282 | D        | Noticed an eight-headed hydra
   282 | D        | Reached *** piety under the Shining One
   287 | D        | Killed a griffon
   287 | D        | Reached skill level 13 in Unarmed Combat
   295 | D        | Killed a hill giant
   295 | D        | Reached XP level 9. HP: 75/97 MP: 0/13
   299 | D        | Killed a 12-headed hydra
   299 | D        | Reached skill level 14 in Unarmed Combat
   303 | D        | Reached **** piety under the Shining One
   495 | D        | Noticed a six-headed hydra
   505 | D        | Killed a nine-headed hydra
   505 | D        | Reached XP level 10. HP: 107/107 MP: 10/15
   515 | D        | Reached skill level 15 in Unarmed Combat
   687 | D        | Noticed a griffon
   687 | D        | Reached ***** piety under the Shining One
   687 | D        | Noticed a black mamba
   691 | D        | Noticed an elephant
   695 | D        | Killed a griffon
   695 | D        | Reached skill level 10 in Fighting
   695 | D        | Reached skill level 10 in Dodging
   699 | D        | Killed a black mamba
   715 | D        | Killed an elephant
   715 | D        | Reached skill level 16 in Unarmed Combat
   847 | D        | Noticed an elephant
   847 | D        | Noticed a dire elephant
   847 | D        | Noticed an elephant
   847 | D        | Noticed an elephant
   847 | D        | Noticed a dire elephant
   847 | D        | Noticed an elephant
   847 | D        | Reached ****** piety under the Shining One
   858 | D        | Noticed an elephant
   858 | D        | Killed a dire elephant
   858 | D        | Reached skill level 10 in Invocations
   866 | D        | Killed a dire elephant
   866 | D        | Reached XP level 11. HP: 58/119 MP: 7/17
   879 | D        | Reached skill level 17 in Unarmed Combat
  1397 | D        | Found Ijuat's Armour Emporium.
  1402 | D        | Reached skill level 18 in Unarmed Combat
  1404 | D        | Found Haonati's Book Shoppe.
  1453 | D        | Found Nipe's Distillery.
  1457 | D        | Found Oxoocaatwa's Distillery.
  1532 | D        | Bought the quicksilver dragon armour "Nittacih" {*Drain rElec MR+ Str-3 Int+8} for 1104 gold pieces
  1632 | D        | Bought a book of the Earth for 650 gold pieces
  1636 | D        | Bought a potion of agility for 52 gold pieces
  1636 | D        | Bought a potion of agility for 52 gold pieces
  1636 | D        | Bought a potion of curing for 39 gold pieces
  1636 | D        | Bought a potion of degeneration for 13 gold pieces
  1694 | D        | Noticed Sonja
  1705 | D        | Killed Sonja
  1797 | D        | Reached skill level 1 in Armour
  1798 | D        | Noticed a fire dragon
  1801 | D        | Reached XP level 12. HP: 112/132 MP: 4/19
  1802 | D        | Noticed a stone giant
  1806 | D        | Noticed a rakshasa
  1814 | D        | Noticed a rakshasa
  1820 | D        | Noticed a fire dragon
  1822 | D        | Killed a fire dragon
  1830 | D        | Killed a stone giant
  1830 | D        | Reached skill level 19 in Unarmed Combat
  1841 | D        | Killed a rakshasa
  1954 | D        | Killed a rakshasa
  2090 | D        | Killed a fire dragon
  2133 | D        | Noticed a centaur warrior
  2142 | D        | Killed a centaur warrior
  2166 | D        | Noticed Frances
  2184 | D        | Killed Frances
  2255 | D        | Noticed an eight-headed hydra
  2266 | D        | Killed an eight-headed hydra
  2275 | D        | Noticed a thorn hunter
  2280 | D        | Noticed a ghost crab
  2292 | D        | Killed a thorn hunter
  2297 | D        | Reached skill level 5 in Armour
  2304 | D        | Killed a ghost crab
  2304 | D        | Reached skill level 20 in Unarmed Combat
  2568 | D        | Noticed a naga warrior
  2568 | D        | Reached XP level 13. HP: 122/144 MP: 10/21
  2765 | D        | Reached skill level 21 in Unarmed Combat
  2930 | D        | Noticed Nergalle
  2941 | D        | Killed Nergalle
  3004 | D        | Noticed a frost giant
  3004 | D        | Noticed a purple very ugly thing
  3012 | D        | Killed a frost giant
  3021 | D        | Killed a purple very ugly thing
  3025 | D        | Noticed a lich
  3027 | D        | Noticed an Ice Fiend
  3046 | D        | Noticed a reaper
  3046 | D        | Killed a lich
  3081 | D        | Noticed a golden dragon
  3082 | D        | Noticed a tentacled monstrosity
  3083 | D        | Noticed a cyan very ugly thing
  3101 | D        | Killed a golden dragon
  3104 | D        | Noticed a green very ugly thing
  3108 | D        | Killed a tentacled monstrosity
  3114 | D        | Killed a green very ugly thing
  3114 | D        | Reached skill level 22 in Unarmed Combat
  3120 | D        | Killed a green very ugly thing
  3314 | D        | Noticed a vault warden
  3351 | D        | Killed a vault warden
  3351 | D        | Reached XP level 14. HP: 157/157 MP: 9/23
  3370 | D        | Noticed a vault warden
  3386 | D        | Killed a vault warden
  3408 | D        | Noticed a frost giant
  3430 | D        | Killed a frost giant
  3432 | D        | Noticed an Orb Guardian
  3436 | D        | Reached skill level 15 in Invocations
  3452 | D        | Killed an Orb Guardian
  3452 | D        | Reached skill level 10 in Armour
  3458 | D        | Reached skill level 15 in Fighting
  3458 | D        | Reached skill level 23 in Unarmed Combat
  3471 | D        | Reached skill level 15 in Dodging
  3740 | D        | Noticed Mennas
  3802 | D        | Killed Mennas
  4070 | D        | Noticed Frederick
  4078 | D        | Killed Frederick
  4088 | D        | Gained mutation: You have a somewhat thin skeletal structure (Dex +2, Stealth). [potion of beneficial mutation]
  4094 | D        | Noticed Xtahua
  4099 | D        | Killed from afar by Xtahua

Vault maps used:
D:        linesprint

Action                   |  1- 3 |  4- 6 |  7- 9 | 10-12 | 13-15 || total
-------------------------+-------+-------+-------+-------+-------++-------
Melee: Unarmed           |    32 |    11 |    38 |   251 |   118 ||   450
Invok: Divine Shield     |       |     1 |     2 |    10 |     6 ||    19
       Summon Divine War |       |       |       |     9 |    18 ||    27
       Cleansing Flame   |       |       |       |       |     1 ||     1
  Use: Potion            |     1 |       |     4 |       |    11 ||    16
       Scroll            |       |       |       |       |     2 ||     2
  Eat: Chunk             |       |     7 |     4 |     6 |     4 ||    21
       Bread ration      |       |       |       |     4 |     2 ||     6
